 Dungeon Crawl Stone Soup version 0.27-a0-1324-ge0d8e047f6 (webtiles) character file.

Game seed: 759249225263425427

289 27snakeeyes612 the Skirmisher (level 6, 0/43 HPs)
             Began as an Octopode Fighter on June 23, 2021.
             Slain by a kobold brigand (3 damage)
             ... on level 3 of the Dungeon.
             The game lasted 00:02:16 (3329 turns).

27snakeeyes612 the Skirmisher (Octopode Fighter)    Turns: 3329, Time: 00:02:16

Health: 0/43       AC:  1    Str: 17    XL:     6   Next: 31%
Magic:  6/6        EV: 11    Int: 11    God:
Gold:   146        SH:  9    Dex: 11    Spells: 5/5 levels left

rFire    . . .     SeeInvis .   a - +0 war axe
rCold    . . .     Faith    .   b - +0 kite shield
rNeg     . . .     Spirit   .   (helmet restricted)
rPois    .         Reflect  .   (no amulet)
rElec    .         Harm     .   (no ring)
rCorr    .         Rampage  .   (no ring)
Will     .....                  (no ring)
Stlth    +++.......             (no ring)
HPRegen  0.14/turn              (no ring)
MPRegen  0.10/turn              (no ring)
                                (no ring)
                                (no ring)

@: no status effects
A: almost no armour, amphibious, 8 rings, camouflage 1, gelatinous body 1,
(nimble swimmer 1), tentacles
a: no special abilities


You were on level 3 of the Dungeon.
You visited 1 branch of the dungeon, and saw 4 of its levels.

You collected 146 gold pieces.

Inventory:

Hand Weapons
 a - a +0 war axe (weapon)
Armour
 b - a +0 kite shield (worn)
Scrolls
 d - a scroll of amnesia {unknown}
 g - a scroll of enchant weapon {unknown}
 h - a scroll of fear {unknown}
 i - a scroll of teleportation {unknown}
Potions
 c - a potion of berserk rage {unknown}
 e - 4 potions of lignification {unknown}
 f - 2 potions of heal wounds
 j - a potion of invisibility {unknown}


   Skills:
 + Level 4.1 Fighting
 + Level 3.3 Axes
 + Level 4.1 Dodging
 + Level 3.2 Stealth
 + Level 4.0 Shields


You had 5 spell levels left.
You didn't know any spells.
Your spell library was empty.

Dungeon Overview and Level Annotations

Branches:
Dungeon (4/15)
 Temple: D:4-7

Altars:
Okawaru

Shops:
D:3 [


Innate Abilities, Weirdness & Mutations

You cannot wear most types of armour.
You are amphibious.
You can wear up to eight rings at the same time.
Your skin changes colour to match your surroundings (Stealth+).
Your rubbery body absorbs attacks. (AC +1, EV +1)
((You are camouflaged near water. (Stealth+)))
You have tentacles for arms and can constrict up to eight enemies at once.


Message History

You slash the iguana! You squeeze the iguana.
You kill the iguana!
Your Shields skill increases to level 4!
You start resting.
HP restored.
There is a stone staircase leading down here.
You climb downwards.
The kobold throws a poisoned dart.
The poisoned dart hits you!
You are poisoned.
There is a stone staircase leading up, spattered with blood here.
You feel very sick.
The kobold throws a poisoned dart.
You block the poisoned dart.
The kobold brigand hits you with a +0 dagger!
You climb upwards.
You feel very sick.
There is a stone staircase leading down here.
You closely miss the kobold brigand. Your grab misses the kobold brigand.
You feel sick. The kobold brigand closely misses you.
You slash the kobold brigand! Your grab misses the kobold brigand.
The kobold brigand is heavily wounded.
You feel sick.
The kobold brigand hits you with a +0 dagger.
The kobold brigand hits you with a +0 dagger!
You are too injured to fight recklessly!
You are too injured to fight recklessly!
You are too injured to fight recklessly!
You are too injured to fight recklessly!
You slash the kobold brigand! You grab the kobold brigand.
The kobold brigand is severely wounded.
You constrict the kobold brigand.
You feel sick.
The kobold brigand hits you with a +0 dagger.
* * * LOW HITPOINT WARNING * * *
You barely miss the kobold brigand.
The kobold brigand is almost dead.
You constrict the kobold brigand.
You feel sick.
You are no longer poisoned.
The kobold brigand hits you with a +0 dagger.
* * * LOW HITPOINT WARNING * * *
The kobold brigand hits you with a +0 dagger.
You die...

#...#.........#..# #.##.#
#...#.........#..# #.##.#
#...#.........#..# #.##.#
#...##.......##..#########.##.#
##...##........#............##.#
.'.................###########.#
##...#########.....# #.# ##...#
##....# #.# ############# #.@..#
#.# # #........#
#K...###########.## #........#
#.................#
#........###....##############
#...................#####
#.......................#
#∩.............###..###.#
####...........##.###..# #.#
......#........#...##..###.#


You could see a kobold brigand.

Vanquished Creatures
  A howler monkey (D:3)
  An iguana (D:3)
  Jessica (D:2)
  Terence (D:3)
  Natasha (thrice) (D:2)
  3 adders
  2 orcs
  9 ball pythons
  5 endoplasms (D:1)
  4 giant cockroaches
  3 goblins
  9 hobgoblins
  5 jackals
  2 quokkas
  6 bats
  3 frilled lizards
  4 kobolds
  8 rats
70 creatures vanquished.

Vanquished Creatures (others)
  163 plants (D:1)
163 creatures vanquished.

Grand Total: 233 creatures vanquished

Notes
Turn   | Place    | Note
-------+----------+-------------------------------------------
     0 | D:1      | 27snakeeyes612 the Octopode Fighter began the quest for the
                  | Orb.
     0 | D:1      | Reached XP level 1. HP: 16/16 MP: 1/1
   201 | D:1      | Reached XP level 2. HP: 18/21 MP: 2/2
   626 | D:1      | Found a faded altar of an unknown god.
   699 | D:1      | Reached skill level 1 in Stealth
   699 | D:1      | Reached XP level 3. HP: 24/26 MP: 3/3
  1179 | D:2      | Noticed Natasha
  1185 | D:2      | Killed Natasha
  1186 | D:2      | Reached XP level 4. HP: 13/31 MP: 4/4
  1473 | D:2      | Noticed Natasha
  1480 | D:2      | Killed Natasha
  1658 | D:2      | Noticed Jessica
  1664 | D:2      | Killed Jessica
  1665 | D:2      | Reached XP level 5. HP: 36/37 MP: 5/5
  1684 | D:2      | Noticed Natasha
  1693 | D:2      | Killed Natasha
  2258 | D:3      | Noticed Terence
  2264 | D:3      | Killed Terence
  2379 | D:3      | Reached XP level 6. HP: 30/43 MP: 6/6
  2533 | D:3      | Found an iron altar of Okawaru.
  2657 | D:3      | Found Cyhorr's Armour Shoppe.
  3329 | D:3      | Slain by a kobold brigand

Illustrated notes

Levels and vault maps discovered:
D:1:      roderic_crop_circles_arrival_small, layout_loops_ring,
          basic_ecumenical_altar
D:2:      layout_loops_cross, kennysheep_generic_room_3, uniq_jessica,
          uniq_natasha
D:3:      layout_basic, nicolae_overflow_crystal_walls, serial_shops, shop,
          uniq_terence
D:4:      layout_rooms, uniq_pikel, uniq_robin, uniq_sigmund

Skill      XL: |  1  2  3  4  5  6 |
---------------+-------------------+-----
Stealth        | 1 2 3 |  3.2
Axes           | 3 |  3.3
Fighting       | 4 |  4.1
Dodging        | 4 |  4.1
Shields        | 4 |  4.0

Action                   |  1- 3 |  4- 6 || total
-------------------------+-------+-------++-------
Melee: War axe           |    57 |    58 ||   115
       Constrict         |    15 |    16 ||    31
       Tentacles         |     8 |    13 ||    21
  Use: Potion            |     1 |     1 ||     2
 Stab: Sleeping          |    14 |     6 ||    20
Armor: Skin              |     1 |     2 ||     3
Dodge: Dodged            |    17 |    29 ||    46
Block: Kite shield       |    23 |    27 ||    50

Table legend: (Time is in decaauts)
 A = Elapsed time spent in this place.
 B = Non-inter-level travel time spent in this place.
 C = Inter-level travel time spent in this place.
 D = Time resting spent in this place.
 E = Time spent auto-exploring this place.
 F = Levels seen in this place.
 G = Mean time per level.
                   A        B        C        D        E       F      G
               +--------+--------+--------+--------+--------+-----+--------+
         Total |   3417 |   3334 |     83 |    240 |   2639 |   4 |  854.2 |
       Dungeon |   3417 |   3334 |     83 |    240 |   2639 |   4 |  854.2 |
               +--------+--------+--------+--------+--------+-----+--------+

Top non-repeatable levels by time:
     D:1: 1191 daAuts
     D:2: 1128 daAuts
     D:3: 1089 daAuts
     D:4: 7 daAuts
